 Dungeon Crawl Stone Soup version 0.18-b1-16-g289874d (webtiles) character file.

105 Shtopit the Skirmisher (level 4, -2/29 HPs)
             Began as a Gargoyle Berserker on May 1, 2016.
             Was a Believer of Trog.
             Slain by Natasha (4 damage)
             ... on level 2 of the Dungeon.
             The game lasted 00:04:13 (1282 turns).

Shtopit the Skirmisher (Gargoyle Berserker)         Turns: 1282, Time: 00:04:14

Health: -2/29      AC:  8    Str: 20    XL:     4   Next: 83%
Magic:  4/4        EV: 12    Int:  8    God:    Trog [**....]
Gold:   113        SH:  0    Dex: 10    Spells: 0 memorised, 3 levels left

rFire  . . .     SeeInvis .     a - +0 mace
rCold  . . .     Gourm    .     i - +0 leather armour
rNeg   + . .     Faith    .     (no shield)
rPois  ∞         Spirit   .     (no helmet)
rElec  +         Dismiss  .     o - +0 cloak
rCorr  .         Reflect  .     (no gloves)
SustAt .         Harm     .     (no boots)
MR     .....                    (no amulet)
Stlth  +.........               (no ring)
                                (no ring)

@: starving, not resistant to hostile enchantments, very unstealthy
A: negative energy resistance 1, electricity resistance, unbreathing,
petrification resistance, rot immunity, AC +3
a: Berserk, Trog's Hand, Burn Spellbooks, Renounce Religion


You were on level 2 of the Dungeon.
You worshipped Trog.
Trog was pleased with you.
You were starving.

You visited 1 branch of the dungeon, and saw 2 of its levels.

You collected 113 gold pieces.

Inventory:

Hand Weapons
 a - a +0 mace (weapon)
Missiles
 e - 39 stones (quivered)
Armour
 b - a +0 animal skin
 i - a +0 leather armour (worn)
 o - a +0 cloak (worn)
Scrolls
 f - 3 scrolls of identify {unknown}
 h - a scroll of magic mapping {unknown}
 j - a scroll of amnesia {unknown}
 m - a scroll of random uselessness {unknown}
 p - a scroll of teleportation {unknown}
Potions
 g - a potion of cancellation {unknown}
 k - a potion of brilliance {unknown}
 l - a potion of mutation {unknown}
 n - a potion of magic {unknown}
Comestibles
 c - 3 bread rations
 d - a meat ration


   Skills:
 + Level 4.1 Fighting
 + Level 3.7 Maces & Flails
 + Level 2.5 Armour
 + Level 2.8 Dodging


You had 3 spell levels left.
You didn't know any spells.

Dungeon Overview and Level Annotations

Branches:
Dungeon (2/15)

Altars:

Annotations:
D:2 Natasha


Innate Abilities, Weirdness & Mutations

You are resistant to torment.
Your stone body is resilient (AC +3).
You are immune to poison.
You resist negative energy.
You are resistant to electric shocks.
You can survive without breathing.
You are immune to petrification.
You are immune to rotting.


Message History

You closely miss the ball python.
The ball python bites you but does no damage.
The ball python grabs you. The ball python constricts you.
You sock the ball python!
You kill the ball python!
Trog accepts your kill.
p - a scroll labeled EFOANL RAEMNUU Natasha, Servant of Life and Death comes into view.
Natasha hisses angrily.
Natasha casts a spell at you. The magic dart hits you!
* * * LOW HITPOINT WARNING * * *
Natasha closely misses you.
You closely miss Natasha. Natasha claws you!
* * * LOW HITPOINT WARNING * * *
Natasha casts a spell at you. You resist with some effort.
You hit Natasha but do no damage. Natasha barely misses you.
You completely miss Natasha. Natasha claws you.
You die...

###.........).....
##................
#.................
##########................
##.....##.................w
##.........................>
#...........................
#..$........................
#..........@h..>...#......##
#................###.#...##
#....<............##.#...#
#........................#
##..............######...#
##.....##.....## #...#
############## #...# ####


You could see Natasha.

Vanquished Creatures
  Natasha (twice) (D:2)
  An adder (D:2)
  A worm (D:2)
  A dart slug (D:1)
  2 ball pythons
  A giant cockroach (D:1)
  4 goblins
  A hobgoblin (D:2)
  6 jackals (D:2)
  A quokka (D:2)
  12 bats
  3 giant newts (D:2)
  3 kobolds (D:1)
  5 rats
43 creatures vanquished.

Notes
Turn   | Place    | Note
--------------------------------------------------------------
     0 | D:1      | Shtopit the Gargoyle Berserker began the quest for the Orb.
     0 | D:1      | Reached XP level 1. HP: 14/14 MP: 1/1
   179 | D:1      | Reached XP level 2. HP: 16/19 MP: 2/2
   701 | D:2      | Reached XP level 3. HP: 15/24 MP: 3/3
   718 | D:2      | Reached ** piety under Trog
  1102 | D:2      | Noticed Natasha
  1116 | D:2      | Killed Natasha
  1116 | D:2      | Reached skill level 4 in Fighting
  1116 | D:2      | Reached XP level 4. HP: 3/29 MP: 4/4
  1220 | D:2      | Noticed Natasha
  1235 | D:2      | Killed Natasha
  1275 | D:2      | Noticed Natasha
  1280 | D:2      | HP: 1/29 [Natasha (7)]
  1282 | D:2      | Slain by Natasha

Skill      XL: |  1  2  3 |
---------------+----------+-----
Dodging        | 2 |  2.8
Fighting       | 4 |  4.1
Maces & Flails | |  3.7
Armour         | |  2.5

Action                   |  1- 3 |  4- 6 || total
-------------------------+-------+-------++-------
Melee: Mace              |   103 |    23 ||   126
Invok: Berserk           |     1 |       ||     1
 Stab: Sleeping          |     1 |       ||     1
Armor: Animal skin       |    26 |       ||    26
       Leather armour    |    47 |    10 ||    57
Dodge: Dodged            |   123 |    13 ||   136
